 Dungeon Crawl Stone Soup version 0.31-a0-152-g6aa68a64a1 (webtiles) character file.

Game seed: 6604480176605118408

123 qw the Shooter (level 5, -2/33 HPs)
             Began as a Gargoyle Hunter on June 10, 2023.
             Slain by an ogre
             ... wielding a +0 giant club
              (13 damage)
             ... on level 4 of the Dungeon.
             The game lasted 00:00:24 (1383 turns).

qw the Shooter (Gargoyle Hunter)                    Turns: 1383, Time: 00:00:25

Health: -2/33      AC:  9    Str: 15    XL:     5   Next: 7%
Magic:  5/5        EV: 11    Int:  9    God:
Gold:   28         SH:  0    Dex: 15    Spells: 4/4 levels left

rFire   . . .        Y - +1 shortbow
rCold   . . .        (shield currently unavailable)
rNeg    + . .        d - +0 ring mail
rPois   inf          (no helmet)
rElec   +            (no cloak)
rCorr   .            (no gloves)
SInv    .            (no boots)
Will    .....        (no amulet)
Stlth   +            (no ring)
HPRegen 0.25/turn    (no ring)
MPRegen 0.09/turn

%: no passive effects
@: no status effects
A: sickness immunity, AC +4, negative energy resistance 1, electricity
resistance, torment resistance 1, petrification resistance
a: no special abilities


You were on level 4 of the Dungeon.
You visited 1 branch of the dungeon, and saw 3 of its levels.

You collected 28 gold pieces.


Innate Abilities, Weirdness & Mutations

You are immune to sickness and miasma.
Your stone body is resilient. (AC +4)
You are immune to poison.
You resist negative energy. (rN+)
You are resistant to electric shocks. (rElec)
You are resistant to unholy torment.
You are immune to petrification.


   Skills:
 - Level 3.9 Fighting
 + Level 5.2 Ranged Weapons
 - Level 1.0 Armour
 - Level 1.5 Dodging
 - Level 1.1 Stealth


You had 4 spell levels left.
You didn't know any spells.
Your spell library was empty.

Inventory:

Hand Weapons
 Y - a +1 shortbow (weapon)
Armour
 b - a +0 helmet
 d - a +0 ring mail (worn)
Scrolls
 a - a scroll of blinking {unknown}
 e - a scroll of teleportation
 g - a scroll of identify
Potions
 c - 2 potions of lignification {unknown}
 h - a potion of magic {unknown}
 i - a potion of attraction {unknown}

Dungeon Overview and Level Annotations

Branches:
Dungeon (2/15)

Altars:
Nemelex Xobeh


Message History

You see here a +0 leather armour.
An adder comes into view.
Enter note:
Enter note: You shoot an arrow.
The arrow hits the adder.
The adder is moderately wounded.
You shoot an arrow. The arrow hits the adder!
You kill the adder!
You have reached level 5!
You open the door.
Found an escape hatch in the ceiling.
Enter note:
Enter note:
There is an open door here.
A sourceless malevolence fills the Dungeon...
You fall into a shaft and drop 2 floors!
The shaft crumbles and collapses.
You hear the hiss of flowing sand.
There is an entrance to an ossuary on this level.
Hurry and find it before the portal is buried!
You now have 28 gold pieces (gained 13).
Found a rapier.
Waypoint 2 assigned to D:4.
1368 ||| PLANNING OSSUARY
Found a stone staircase leading up.
You see here a +0 rapier.
Found a spear.
An ogre comes into view. It is wielding a +0 giant club.
Found a stone staircase leading down.
The ogre shouts!
You shoot an arrow. The arrow hits the ogre.
The ogre is lightly wounded.
You shoot an arrow. The arrow closely misses the ogre.
You shoot an arrow. The arrow hits the ogre.
The ogre is moderately wounded.
The ogre hits you with a +0 giant club!!
Ouch! That really hurt!
You shoot an arrow. The arrow hits the ogre.
The ogre is heavily wounded.
The ogre hits you with a +0 giant club!
You die...

#.## .#.## ###.## #
##.### ##..# #
#.#.# #
#.##.##############
.#.#
#......)......<#
#.#
#######.###@##.#
### #.#...O.>....
#.#.#.##.#.##
......# .. ### ###
.# .. #


You could see an ogre.

Vanquished Creatures
  A scorpion (D:2)
  Robin (D:2)
  2 adders (D:2)
  A ball python (D:1)
  4 bats
  4 endoplasms (D:1)
  A giant cockroach (D:1)
  8 goblins
  5 hobgoblins
  A kobold (D:1)
  2 rats
30 creatures vanquished.

Notes
Turn   | Place    | Note
-------+----------+-------------------------------------------
     0 | D:1      | qw the Gargoyle Hunter began the quest for the Orb.
     0 | D:1      | Reached XP level 1. HP: 12/12 MP: 1/1
     0 | D:1      | 0 ||| qw: Version: 0.2-a-123-gb51047a
     0 | D:1      | 0 ||| qw: Game counter: 3705
     0 | D:1      | 0 ||| qw: Always use a shield: true
     0 | D:1      | 0 ||| qw: God list: Okawaru
     0 | D:1      | 0 ||| qw: Allow faded altars: false
     0 | D:1      | 0 ||| qw: Do Orc after D:15 true
     0 | D:1      | 0 ||| qw: Do second Lair branch before Depths: true
     0 | D:1      | 0 ||| qw: Lair rune preference: random
     0 | D:1      | 0 ||| qw: Plans: Normal, Zot:1-4, Slime:5, God:TSO, Crypt,
                  | Tomb, Abyss, Pan, Hells, Win
     0 | D:1      | 0 ||| PLANNING D:1-11
   153 | D:1      | Reached XP level 2. HP: 17/17 MP: 2/2
   836 | D:1      | 836 ||| UPGRADING to +0 ring mail.
   846 | D:1      | 846 ||| DROPPING +0 leather armour.
   847 | D:1      | 847 ||| DROPPING ring of magical power.
   848 | D:1      | 848 ||| READING scroll labelled PYIBAH NAFA.
   849 | D:1      | 849 ||| READING scroll labelled WOGE LUURPHOAR.
   850 | D:1      | 850 ||| READING 2 scrolls labelled MOR IGGUTHRAES.
   851 | D:1      | 851 ||| READING scroll labelled YREDGH QAYCUXI.
   855 | D:1      | 855 ||| DROPPING scroll of butterflies.
   891 | D:2      | Noticed Robin
   893 | D:2      | Reached skill level 1 in Armour
   893 | D:2      | Reached XP level 3. HP: 21/21 MP: 3/3
   898 | D:2      | Killed Robin
   909 | D:2      | Reached skill level 5 in Ranged Weapons
  1024 | D:2      | Noticed a scorpion
  1032 | D:2      | Killed a scorpion
  1033 | D:2      | Reached skill level 3 in Fighting
  1033 | D:2      | Reached XP level 4. HP: 16/29 MP: 4/4
  1166 | D:2      | Found a sparkling altar of Nemelex Xobeh.
  1336 | D:2      | Reached XP level 5. HP: 33/33 MP: 5/5
  1349 | D:2      | You fall into a shaft and drop 2 floors!
  1368 | D:4      | 1368 ||| PLANNING OSSUARY
  1379 | D:4      | Noticed an ogre
  1383 | D:4      | Slain by an ogre

Levels and vault maps discovered:
D:1:      shiori_shiawase, layout_basic
D:2:      layout_loops_corners, basic_altar, uniq_robin
D:4:      black_bear_nest_1, layout_loops_ring, mainiacjoe_overflow_big_doors,
          fedhas_altar_1, nicolae_ossuary_entry_catacombs

Skill      XL: |  1  2  3 |
---------------+----------+-----
Armour         | 1 |  1.0
Ranged Weapons | 5 |  5.2
Fighting       | 3 |  3.9
Dodging        | |  1.5
Stealth        | |  1.1

Action                     |  1- 3 |  4- 6 || total
---------------------------+-------+-------++-------
   Fire: Shortbow          |    70 |    16 ||    86
    Use: Scroll            |     4 |       ||     4
 Armour: Leather armour    |     1 |       ||     1
         Ring mail         |     3 |     1 ||     4
  Dodge: Dodged            |    11 |     1 ||    12

Table legend:
 A = Non-vault XP
 B = Vault XP
 C = Vault XP percentage of total XP
 D = Non-vault monster count
 E = Vault monster count
 F = Vault count percentage of total count
                 A         B        C        D         E       F
            +---------+---------+-------+---------+---------+-------
      Total |     146 |      30 |  17.0 |      22 |       8 |  26.7
            +---------+---------+-------+---------+---------+-------
        D:1 |      25 |       0 |   0.0 |      14 |       0 |   0.0
        D:2 |     121 |      30 |  19.9 |       8 |       8 |  50.0
            +---------+---------+-------+---------+---------+-------
